 Dungeon Crawl Stone Soup version 0.29.1 (webtiles) character file.

Game seed: 15426233431607232218

50852 groovy9 the Wrestler (level 14, 0/131 HPs)
             Began as a Troll Fighter on Sept 12, 2022.
             Was a High Priest of Wu Jian.
             Slain by a nine-headed hydra (7 damage)
             ... on level 5 of the Lair of Beasts.
             The game lasted 01:33:36 (19245 turns).

groovy9 the Wrestler (Troll Fighter)               Turns: 19245, Time: 01:33:37

Health: 0/131      AC:  8    Str: 33    XL:     14   Next: 21%
Magic:  13/13      EV:  9    Int:  8    God:    Wu Jian [*****.]
Gold:   1893       SH: 11    Dex:  9    Spells: 13/13 levels left

rFire   . . .      SeeInvis .     - Unarmed
rCold   . . .      Faith    .   b - +1 kite shield
rNeg    . . .      Spirit   .   u - +0 troll leather armour of Elyvilon's Hope {rElec Regen+}
rPois   +          Reflect  .   K - +0 hat
rElec   +          Harm     .   I - +1 cloak {rPois}
rCorr   .          Rampage  .   (gloves unavailable)
Will    +....                   (boots unavailable)
Stlth   +.........              p - amulet of regeneration
HPRegen 2.71/turn               R - ring of poison resistance
MPRegen 0.13/turn               w - +6 ring of strength

@: exhausted
A: large, unfitting armour, claws 3, regeneration 1, shaggy fur 1, tough skin 1
a: Renounce Religion, Wall Jump, Serpent's Lash, Heavenly Storm


You were on level 5 of the Lair of Beasts.
You worshipped Wu Jian.
Wu Jian was extremely pleased with you.
You visited 3 branches of the dungeon, and saw 18 of its levels.

You collected 2585 gold pieces.
You spent 692 gold pieces at shops.

Inventory:

Missiles
 z - 3 throwing nets
 A - 24 poisoned darts
 D - 18 boomerangs
 E - 3 curare-tipped darts
 M - 2 boomerangs of dispersal
 T - 7 large rocks (quivered)
Armour
 b - a +1 kite shield (worn)
 u - the +0 troll leather armour of Elyvilon's Hope (worn) {rElec Regen+}
   (You acquired it on level 5 of the Dungeon)

   rElec:     It insulates you from electricity.
   Regen:     It increases your rate of health regeneration.
 I - a +1 cloak of poison resistance (worn)
 K - a +0 hat (worn)
Jewellery
 e - a ring of wizardry
 p - an amulet of regeneration (around neck)
 w - a +6 ring of strength (right claw)
 R - a ring of poison resistance (left claw)
Wands
 m - a wand of quicksilver (22)
 t - a wand of polymorph (17)
 x - a wand of flame (21)
 G - a wand of iceblast (8)
 H - a wand of digging (3)
Scrolls
 a - a scroll of immolation
 c - 7 scrolls of noise
 h - a scroll of amnesia
 i - 5 scrolls of teleportation
 o - 3 scrolls of vulnerability
 q - 5 scrolls of magic mapping
 r - a scroll of poison
 v - 2 scrolls of blinking
 B - 8 scrolls of identify
 C - 2 scrolls of enchant armour
 N - 3 scrolls of summoning
 P - a scroll of enchant weapon
Potions
 d - 3 potions of brilliance
 f - 2 potions of ambrosia
 g - a potion of cancellation
 j - 10 potions of curing
 k - 6 potions of flight
 l - 3 potions of degeneration
 n - 3 potions of mutation
 s - 2 potions of attraction
 F - 3 potions of lignification
 L - 2 potions of might
 S - a potion of resistance
Miscellaneous
 O - a phantom mirror
 Q - a lightning rod (4/4)


   Skills:
 * Level 6.4 Fighting
 + Level 4.8 Dodging
 - Level 12.1 Shields
 - Level 21.1 Unarmed Combat


You had 13 spell levels left.
You didn't know any spells.
Your spell library contained the following spells:

 Spells                   Type           Power      Damage    Failure   Level
 Call Canine Familiar     Summ           0%         N/A       94%         3
 Conjure Flame            Conj/Fire      0%         6-21      94%         3
 Ozocubu's Armour         Ice            0%         N/A       94%         3
 Portal Projectile        Hex/Tloc       0%         N/A       94%         3
 Stone Arrow              Conj/Erth      0%         3d7       94%         3
 Swiftness                Air            0%         N/A       94%         3
 Animate Armour           Summ/Erth      0%         N/A       100%        4
 Leda's Liquefaction      Hex/Erth       0%         N/A       100%        4
 Iskenderun's Battlesphe  Conj           0%         2d6       100%        5
 Lee's Rapid Deconstruct  Erth           0%         3d5*      100%        5
 Lightning Bolt           Conj/Air       0%         1d11      100%        5
 Metabolic Englaciation   Hex/Ice        0%         N/A       100%        5
 Iron Shot                Conj/Erth      0%         9d1       100%        6
 Simulacrum               Ice/Necr       0%         N/A       100%        6
 Statue Form              Tmut/Erth      0%         N/A       100%        6
 Orb of Destruction       Conj           0%         9d5       100%        7
 Spellforged Servitor     Conj/Summ      0%         N/A       100%        7
 Lehudib's Crystal Spear  Conj/Erth      0%         10d2      100%        8


Dungeon Overview and Level Annotations

Branches:
Dungeon (11/15)            Temple (0/1) D:7            Lair (5/5) D:8
 Shoals (0/4) Lair:3       Spider (0/4) Lair:2        Slime (0/5) Lair:4
    Orc (2/2) D:11            Elf (0/3) Orc:2

Altars:
Fedhas
Hepliaklqana
Okawaru
Ru
Sif Muna
Trog
Uskayaw
Vehumet
Wu Jian
Xom
Jiyva

Shops:
D:5 *   D:11 *   Orc:1 :   Orc:2 (:[*

Annotations:
D:10 exclusion: orange crystal statue
D:11 2 transporters, safid's ghost, journeyman MiHu
Lair:2 exclusion: oklob plant
Lair:3 exclusion: 3 oklob plants
Lair:4 exclusion: 2 oklob plants


Innate Abilities, Weirdness & Mutations

You are too large for most types of armour.
You have claws for hands.
Your natural rate of healing is unusually fast.
You are covered in fur. (AC +1)
You have tough skin. (AC +1)


Message History

The nine-headed hydra bites you but does no damage.
The nine-headed hydra barely misses you.
The nine-headed hydra bites you.
You block the nine-headed hydra's attack.
The nine-headed hydra closely misses you.
The nine-headed hydra bites you!
* * * LOW HITPOINT WARNING * * *
The nine-headed hydra bites you but does no damage.
The nine-headed hydra barely misses you.
The nine-headed hydra bites you but does no damage.
The rime drake bites something.
You feel much better.
The rime drake bites the plant.
The nine-headed hydra bites you!
You block the nine-headed hydra's attack.
The nine-headed hydra bites you.
You block the nine-headed hydra's attack.
The nine-headed hydra bites you!
* * * LOW HITPOINT WARNING * * *
The nine-headed hydra barely misses you.
The nine-headed hydra bites you.
* * * LOW HITPOINT WARNING * * *
The nine-headed hydra bites you but does no damage.
The nine-headed hydra bites you!
* * * LOW HITPOINT WARNING * * *
Okay, then.
Something bites the plant.
You see here a water moccasin corpse.
A nearby plant withers and dies.
The nine-headed hydra attacks as you move away!
You block the nine-headed hydra's attack.
The nine-headed hydra closely misses you.
The nine-headed hydra bites you!
* * * LOW HITPOINT WARNING * * *
You block the nine-headed hydra's attack.
The nine-headed hydra bites you!
* * * LOW HITPOINT WARNING * * *
The nine-headed hydra bites you.
* * * LOW HITPOINT WARNING * * *
The nine-headed hydra bites you!
You die...

............^.....#.#
.##..#.P.......#..#.#
##..###..#...###...#
#...##P.....## ##.###
....###..#...# ##...#
..#.P.P.....####...##
.##.........#...#..#
###..PPP...........##
......#.P.....P#@...#
........P..######D..#
##..#..#...# #.....#
.#.†.##.#.## ##..S.#
.##†####### ##.†####
#.#†### ##.#..#.#...
......## #k..(......
.#.#.#.# #...#......
.####### #.P## ...!.


You could see a nine-headed hydra, a rime drake and a water moccasin.

Vanquished Creatures
  An orc warlord (Orc:2)
  Snorg (Lair:4)
  Fannar (D:8)
  The ghost of Adrian566 the Severer, a journeyman HOMo of Beogh (Orc:1)
  6 hydras
  5 death yaks
  4 orc high priests (Orc:2)
  Amaemon (Lair:1)
  A lindwurm (Lair:4)
  5 orc knights
  4 orc sorcerers (Orc:2)
  3 cyclopes
  2 moths of wrath (Orc:1)
  A merfolk siren (Lair:3)
  A manticore (D:11)
  An ice statue (Lair:4)
  7 elephants
  An orange demon (Lair:1)
  2 black mambas (Lair:4)
  A gargoyle (D:11)
  Psyche (D:9)
  8 cane toads
  7 komodo dragons
  An ice devil (Lair:4)
  2 polar bears (Lair:4)
  3 trolls
  A hornet (D:8)
  11 dream sheep
  Grinder (D:3)
  15 blink frogs
  6 jumping spiders (Lair:2)
  Sigmund (D:2)
  3 shadows
  3 wyverns
  2 basilisks
  2 wraiths (D:11)
  16 yaks
  3 redbacks (Lair:2)
  2 steam dragons (D:8)
  2 wargs
  Edmund (D:5)
  An acid dragon (D:6)
  36 orc warriors
  10 water moccasins
  4 black bears
  5 ice beasts
  10 ogres
  12 wolves
  11 centaurs
  4 kobold brigands
  7 bullfrogs
  Blork the orc (D:4)
  A necrophage (D:6)
  A gnoll sergeant (D:6)
  A scorpion (D:4)
  8 killer bees
  7 howler monkeys
  2 jellies
  27 orc priests
  Ijyb (D:4)
  3 iguanas
  27 orc wizards
  4 hell rats (Lair:5)
  2 adders
  9 gnolls
  4 white imps
  An ufetubus (D:5)
  2 worms
  6 dart slugs
  88 orcs
  6 ball pythons
  A bat (D:1)
  5 endoplasms
  2 giant cockroaches
  7 goblins
  6 hobgoblins
  4 jackals
  A quokka (D:1)
  5 frilled lizards
  28 kobolds
  4 rats
504 creatures vanquished.

Vanquished Creatures (others)
  2 bushes
  28 fungi
  35 plants
65 creatures vanquished.

Grand Total: 569 creatures vanquished

Notes
Turn   | Place    | Note
-------+----------+-------------------------------------------
     0 | D:1      | groovy9 the Troll Fighter began the quest for the Orb.
     0 | D:1      | Reached XP level 1. HP: 22/22 MP: 0/0
    19 | D:1      | Found a faded altar of an unknown god.
   361 | D:1      | Reached XP level 2. HP: 29/29 MP: 1/1
   793 | D:2      | Reached skill level 3 in Unarmed Combat
   914 | D:2      | Noticed Sigmund
   983 | D:2      | Reached XP level 3. HP: 36/36 MP: 2/2
  1022 | D:2      | Reached skill level 4 in Unarmed Combat
  1218 | D:2      | Killed Sigmund
  1219 | D:2      | Reached skill level 5 in Unarmed Combat
  1219 | D:2      | Reached XP level 4. HP: 36/44 MP: 3/3
  1219 | D:2      | Reached XP level 5. HP: 41/50 MP: 4/4
  1315 | D:2      | Reached skill level 6 in Unarmed Combat
  1808 | D:3      | Found an ornate altar of the Wu Jian Council.
  1822 | D:3      | Became a worshipper of the Wu Jian Council
  1836 | D:3      | Noticed Grinder
  1916 | D:3      | Killed Grinder
  1917 | D:3      | Reached skill level 7 in Unarmed Combat
  1917 | D:3      | Reached XP level 6. HP: 57/59 MP: 5/5
  2742 | D:4      | Reached * piety under Wu Jian
  2964 | D:4      | Noticed Ijyb
  2980 | D:4      | Killed Ijyb
  2981 | D:4      | Reached XP level 7. HP: 38/66 MP: 6/6
  3166 | D:4      | Reached skill level 8 in Unarmed Combat
  3422 | D:4      | Noticed Blork the orc
  3425 | D:4      | Killed Blork the orc
  3529 | D:5      | Entered Level 5 of the Dungeon
  3532 | D:5      | Identified a scroll of acquirement
  3532 | D:5      | Acquired the +0 troll leather armour of Elyvilon's Hope
                  | {rElec Regen+}
  3752 | D:5      | Noticed a shadow
  3757 | D:5      | Killed a shadow
  3758 | D:5      | Reached skill level 9 in Unarmed Combat
  3878 | D:5      | Reached XP level 8. HP: 51/74 MP: 7/7
  4044 | D:5      | Found Vequh's General Store.
  4414 | D:6      | Found a hazy altar of Hepliaklqana.
  4415 | D:6      | Found a sacrificial altar of Ru.
  4419 | D:6      | Found a shimmering altar of Xom.
  4457 | D:6      | Reached skill level 10 in Unarmed Combat
  4491 | D:6      | Found an iron altar of Okawaru.
  4631 | D:6      | Noticed Edmund
  4644 | D:5      | Killed Edmund
  4751 | D:6      | Reached skill level 5 in Shields
  4764 | D:6      | Reached ** piety under Wu Jian
  4824 | D:6      | Reached skill level 11 in Unarmed Combat
  5114 | D:6      | Found a hide-covered altar of Uskayaw.
  5231 | D:7      | Reached XP level 9. HP: 80/80 MP: 8/8
  5266 | D:7      | Found a staircase to the Ecumenical Temple.
  5880 | D:8      | Reached skill level 12 in Unarmed Combat
  5901 | D:8      | Found a staircase to the Lair.
  6210 | D:8      | Found a radiant altar of Vehumet.
  6230 | D:8      | Paralysed by a hornet for 2 turns
  6453 | D:9      | Noticed Psyche
  6462 | D:9      | Killed Psyche
  6533 | D:9      | Reached skill level 13 in Unarmed Combat
  6545 | D:9      | Reached *** piety under Wu Jian
  6550 | D:9      | Reached XP level 10. HP: 88/88 MP: 9/9
  7350 | D:10     | Entered Level 10 of the Dungeon
  7450 | D:10     | Noticed an orange crystal statue
  8280 | D:11     | Found Ysosydu's General Store.
  8307 | D:11     | Noticed a manticore
  8320 | D:11     | Killed a manticore
  8320 | D:11     | Reached skill level 10 in Shields
  8320 | D:11     | Reached skill level 14 in Unarmed Combat
  8437 | D:11     | Found a transporter.
  8442 | D:11     | Found a transporter.
  8442 | D:11     | Noticed safid's ghost (journeyman MiHu)
  8572 | D:11     | Got the Atlas of the Lethal Squall
  8576 | D:11     | Noticed a six-headed hydra
  8582 | D:11     | Killed a nine-headed hydra
  8594 | D:11     | Noticed a cyclops
  8686 | D:11     | Noticed a gargoyle
  8687 | D:11     | Killed a gargoyle
  8804 | D:11     | Found a staircase to the Orcish Mines.
  8821 | D:11     | Reached XP level 11. HP: 82/94 MP: 10/10
  9132 | D:11     | Reached skill level 15 in Unarmed Combat
  9513 | D:5      | Bought a scroll of acquirement for 624 gold pieces
  9513 | D:5      | Acquired 552 gold pieces
  9584 | Lair:1   | Entered Level 1 of the Lair of Beasts
  9584 | Lair:1   | Noticed Fannar
  9594 | D:8      | Killed Fannar
  9632 | D:8      | Reached **** piety under Wu Jian
  9790 | Lair:1   | Noticed Amaemon
 10126 | Lair:1   | Killed Amaemon
 10242 | Lair:1   | Reached skill level 16 in Unarmed Combat
 10880 | Lair:2   | Found a hole to the Spider Nest.
 11275 | Lair:2   | Noticed an eight-headed hydra
 11280 | Lair:2   | Killed a ten-headed hydra
 11280 | Lair:2   | Reached skill level 17 in Unarmed Combat
 11280 | Lair:2   | Reached XP level 12. HP: 61/104 MP: 11/11
 11325 | Lair:2   | Identified the +1 plate armour "Ogyshynu" {-Tele rPois
                  | Str+4}
 11337 | Lair:2   | Found a blossoming altar of Fedhas.
 12115 | Lair:3   | Found a staircase to the Shoals.
 12389 | Lair:3   | Reached skill level 18 in Unarmed Combat
 12623 | Lair:3   | Noticed a six-headed hydra
 12629 | Lair:3   | Killed an eight-headed hydra
 13271 | Lair:4   | Found a viscous altar of Jiyva.
 13271 | Lair:4   | Found a staircase to the Slime Pits.
 13295 | Lair:4   | Noticed Snorg
 13306 | Lair:4   | Killed Snorg
 13434 | Lair:4   | Reached skill level 19 in Unarmed Combat
 13481 | Lair:4   | Noticed a death yak
 13481 | Lair:4   | Noticed a death yak
 13481 | Lair:4   | Noticed a death yak
 13481 | Lair:4   | Noticed a death yak
 13508 | Lair:4   | Noticed an eight-headed hydra
 13514 | Lair:4   | Killed a 13-headed hydra
 13700 | Orc:1    | Entered Level 1 of the Orcish Mines
 13831 | Orc:1    | Found Nyesh's Book Shoppe.
 14233 | Orc:2    | Entered Level 2 of the Orcish Mines
 14252 | Orc:2    | Reached ***** piety under Wu Jian
 14407 | Orc:2    | Noticed an orc high priest
 14416 | Orc:2    | Killed an orc high priest
 14417 | Orc:2    | Reached XP level 13. HP: 105/110 MP: 12/12
 14441 | Orc:2    | Found a staircase to the Elven Halls.
 14696 | Orc:2    | Noticed an orc warlord
 14707 | Orc:2    | Found Tofe Rae's General Store.
 14707 | Orc:2    | Found Nent's Antique Armour Shoppe.
 14707 | Orc:2    | Found Giepp's Book Shoppe.
 14707 | Orc:2    | Found Ucsamnen's Antique Weapon Emporium.
 14707 | Orc:2    | HP: 5/110 [orc high priest/nerve-wracking pain (11)]
 14854 | Orc:2    | Found a shimmering blue altar of Sif Muna.
 15046 | Orc:1    | Found a bloodstained altar of Trog.
 15046 | Orc:1    | Noticed Adrian566's ghost (journeyman HOMo)
 15060 | Orc:1    | Found a transporter.
 15066 | Orc:1    | Found a transporter.
 15136 | Orc:1    | Killed Adrian566's ghost
 15137 | Orc:1    | Reached skill level 20 in Unarmed Combat
 15771 | Orc:2    | Paralysed by an orc sorcerer for 5 turns
 15842 | Orc:2    | Killed an orc warlord
 16487 | Orc:2    | Reached skill level 21 in Unarmed Combat
 17272 | Orc:2    | Bought a potion of might for 68 gold pieces
 18222 | Lair:4   | Reached skill level 5 in Fighting
 18311 | Lair:4   | Reached XP level 14. HP: 127/127 MP: 13/13
 18325 | Lair:5   | Entered Level 5 of the Lair of Beasts
 19245 | Lair:5   | Slain by a nine-headed hydra

Illustrated notes

Levels and vault maps discovered:
D:1:      ncdulo_halloftheorcs, layout_loops_ring,
          chequers_ecumenical_altar_simple_redux, chequers_arboretum
D:2:      layout_loops_ring, minmay_domino_4, uniq_sigmund
D:3:      layout_rooms, mainiacjoe_overflow_paths, serial_co_window_serial,
          co_window_of_opportunity_a, co_window_paths_a, co_window_paths_a,
          co_window_corner_a, co_window_corner_a, co_window_unsneaky_path_e,
          co_window_corner_cb, co_window_paths_c, co_window_4corner_b,
          co_window_paths_e, uniq_grinder
D:4:      layout_loops_corners, grunt_ministairs_12, uniq_ijyb,
          uniq_blork_the_orc
D:5:      layout_loops_corners, kennysheep_small_square
D:6:      layout_cave_pools, nicolae_overflow_hidden_temple, minmay_small_thing,
          uniq_edmund
D:7:      layout_rooms, minmay_temple_entry_mini_moons, kennysheep_doodads,
          minivault_11
D:8:      layout_basic, fiery_altar_vehumet, lair_entry_dummy
D:9:      layout_irregular_city, uniq_psyche
D:10:     layout_grid_maze, minmay_statue_bubble
D:11:     layout_loops_ring, orc_0_dummy, serial_shops, nicolae_stop_n_shop_1,
          gammafunk_ghost_hive, grunt_ogre_cave
Lair:1:   layout_gridlike, uniq_amaemon, uniq_fannar
Lair:2:   layout_chaotic_city, nicolae_spider_entry_tight_spaces,
          lemuel_oklob_altar, infiniplex_staircase_pool, lemuel_fruit_fields
Lair:3:   layout_cellular_growth, minmay_shoals_entry_lonely_mermaid,
          dreamdust_mushroom_princess, dpeg_oklob_1, serial_bayou_shore_b
Lair:4:   layout_layer_cave, minmay_slime_entry_oklob_enclosed, ice2_lemuel,
          serial_bayou_shore_b, uniq_snorg
Lair:5:   evilmike_catoblepas_cave, layout_loops_ring, grunt_megastairs_5
Orc:1:    layout_diamond_mine, gammafunk_ghost_wrathful_warriors, serial_shops,
          nicolae_shop_statue_plus, david_defended_altar_orc
Orc:2:    st_orc_congregation, layout_diamond_mine, kennysheep_orc_sif_temple

Skill      XL: |  1  2  3  4  5  6  7  8  9 10 11 12 13 14 |
---------------+-------------------------------------------+-----
Unarmed Combat | 3 5 7 9 11 13 14 17 19 21 | 21.1
Shields        | 5 8 11 12 | 12.1
Fighting       | 5 6 |  6.4
Dodging        | 4 |  4.8

Action                   |  1- 3 |  4- 6 |  7- 9 | 10-12 | 13-15 || total
-------------------------+-------+-------+-------+-------+-------++-------
Melee: Unarmed           |    86 |   107 |   270 |   581 |   476 ||  1520
Throw: Dart              |       |       |     2 |    18 |    21 ||    41
       Boomerang         |       |       |       |       |    23 ||    23
       Large rock        |       |       |       |       |    20 ||    20
Invok: Lunge             |       |     3 |    55 |    86 |    99 ||   243
       Serpent's Lash    |       |       |       |     7 |     5 ||    12
       Whirlwind         |       |       |       |    10 |    23 ||    33
       Heavenly Storm    |       |       |       |       |     2 ||     2
Evoke: Wand              |       |       |       |     8 |     2 ||    10
  Use: Scroll            |     8 |     7 |     9 |     4 |     5 ||    33
       Potion            |     3 |       |     2 |     1 |     7 ||    13
 Stab: Invisible         |       |       |     2 |       |       ||     2
Armor: Robe              |    22 |    21 |     4 |       |       ||    47
       Troll leather arm |       |       |    40 |   113 |    63 ||   216
Dodge: Dodged            |    22 |    26 |    52 |   113 |    79 ||   292
Block: Kite shield       |    19 |    31 |    78 |   249 |   147 ||   524
